SNL (28 & UNDER)
WEST VIRGINIA POWER @ MONTGOMERY BISCUITS
05/19/2023
 
TOP OF THE 1ST
West Virginia Power batting - Pitching for Montgomery Biscuits : RHP Mitch Brown
Pitching: RHP Mitch Brown
Batting: RHB Alfonso Huertas 0-0: Called Strike
0-1: Foul Ball, location: 2F
0-2: Strikes out swinging
Batting: RHB Eric Johnson 0-0: Foul Ball, location: 2F
0-1: SINGLE (Groundball, 56D)
Batting: RHB Vicente Torres 0-0: Ball
1-0: Swinging Strike
1-1: Ball
2-1: Called Strike
2-2: Fielders Choice at 2nd, 6-4 (Groundball, 6M)
Batting: RHB Cristián Herrera 0-0: Ball
1-0: Foul Ball, location: 2F
1-1: Ball
2-1: Ball
Wild Pitch!
Vicente Torres to second
3-1: Called Strike
3-2: 2-RUN HOME RUN (Flyball, 7D), Distance : 390 ft
Batting: RHB Rubén Ayala 0-0: Foul Ball, location: 2F
0-1: Swinging Strike
0-2: Strikes out looking
Top of the 1st over - 2 run(s), 2 hit(s), 0 error(s), 0 left on base; West Virginia 2 - Montgomery 0
BOTTOM OF THE 1ST
Montgomery Biscuits batting - Pitching for West Virginia Power : RHP Enrique Rúbio
Pitching: RHP Enrique Rúbio
Batting: RHB Gabriel Miranda 0-0: Foul Ball, location: 2F
0-1: Ground out U3 (Groundball, 3)
Batting: RHB Orlando Sánchez 0-0: Ball
1-0: Ball
2-0: Ball
3-0: Called Strike
3-1: Called Strike
3-2: Foul Ball, location: 2F
3-2: SINGLE (Groundball, 6MD) (infield hit)
Batting: LHB José Flores 0-0: Ball
1-0: Ball
2-0: Called Strike
2-1: Ball
3-1: Fly out, F9 (Flyball, 9D)
Batting: RHB Dave Dawson 0-0: Ball
Orlando Sánchez steals 2nd base
1-0: Ball
2-0: Ball
3-0: Base on Balls
Batting: RHB Pete Smith 0-0: Ball
1-0: Fly out, F8 (Flyball, 8LXD)
Bottom of the 1st over - 0 run(s), 1 hit(s), 0 error(s), 2 left on base; West Virginia 2 - Montgomery 0
TOP OF THE 2ND
West Virginia Power batting - Pitching for Montgomery Biscuits : RHP Mitch Brown
Batting: RHB Raúl Torres 0-0: Ball
1-0: Ball
2-0: Called Strike
2-1: Bunt for hit - play at first, batter OUT! 1-3
Batting: LHB Ernie Jackson 0-0: Ball
1-0: Ball
2-0: Swinging Strike
2-1: Ground out 4-3 (Groundball, 13)
Batting: LHB Luis Pérez 0-0: Ball
1-0: Ball
2-0: Ball
3-0: Base on Balls
Batting: RHB Jorge Ramírez 0-0: Called Strike
0-1: Called Strike
0-2: Ball
Luis Pérez steals 2nd base
1-2: Strikes out looking
Top of the 2nd over - 0 run(s), 0 hit(s), 0 error(s), 1 left on base; West Virginia 2 - Montgomery 0
BOTTOM OF THE 2ND
Montgomery Biscuits batting - Pitching for West Virginia Power : RHP Enrique Rúbio
Batting: SHB Andrew Curran 0-0: Called Strike
0-1: Called Strike
0-2: Foul Ball, location: 2F
0-2: Foul Ball, location: 2F
0-2: SINGLE (Groundball, 5D)
Batting: LHB António De Los Ángeles 0-0: Ball
1-0: Grounds into double play, 4-6-3 (Groundball, 4)
Batting: RHB Larry Mitchell 0-0: Swinging Strike
0-1: Swinging Strike
0-2: Ground out 6-3 (Groundball, 6)
Bottom of the 2nd over - 0 run(s), 1 hit(s), 0 error(s), 0 left on base; West Virginia 2 - Montgomery 0
TOP OF THE 3RD
West Virginia Power batting - Pitching for Montgomery Biscuits : RHP Mitch Brown
Batting: RHB Alfonso Huertas 0-0: Ball
1-0: Ball
2-0: Called Strike
2-1: Ball
3-1: SINGLE (Line Drive, 56D)
Batting: RHB Eric Johnson 0-0: Ball
1-0: Called Strike
1-1: Ball
2-1: Called Strike
2-2: DOUBLE (Line Drive, 78M)
Alfonso Huertas to third
Batting: RHB Vicente Torres 0-0: Foul Ball, location: 2F
0-1: Swinging Strike
0-2: Ball
1-2: Foul Ball, location: 2F
1-2: Ground out 5-3 (Groundball, 56)
Alfonso Huertas scores
Batting: RHB Cristián Herrera 0-0: Ball
1-0: SINGLE (Flyball, 6MD)
Eric Johnson to third
Runner from 3rd tries for Home, SAFE, no throw or cutoff
Batting: RHB Rubén Ayala 0-0: Fly out, F9 (Line Drive, 89S)
Batting: RHB Raúl Torres 0-0: Foul Ball, location: 2F
0-1: Ball
1-1: Called Strike
1-2: Strikes out looking
Top of the 3rd over - 2 run(s), 3 hit(s), 0 error(s), 1 left on base; West Virginia 4 - Montgomery 0
BOTTOM OF THE 3RD
Montgomery Biscuits batting - Pitching for West Virginia Power : RHP Enrique Rúbio
Batting: RHB Juan Flores 0-0: Foul Ball, location: 2F
0-1: Ball
1-1: Foul Ball, location: 2F
1-2: Foul Ball, location: 2F
1-2: Ball
2-2: Foul Ball, location: 2F
2-2: Ball
3-2: SINGLE (Groundball, 56D)
Batting: RHB Gabriel Miranda 0-0: SINGLE (Flyball, 89S)
Juan Flores to second
Runner from 2nd tries for 3rd, SAFE, throw made to third
Batting: RHB Orlando Sánchez 0-0: Grounds into double play, 5-4-3 (Groundball, 56)
Juan Flores scores
Batting: LHB José Flores 0-0: Called Strike
0-1: Swinging Strike
0-2: SINGLE (Groundball, 6M)
Batting: RHB Dave Dawson 0-0: Ball
1-0: Ball
José Flores steals 2nd base
2-0: Ball
3-0: Base on Balls
Batting: RHB Pete Smith 0-0: Foul Ball, location: 2F
0-1: Ball
1-1: Called Strike
1-2: Ball
2-2: Ball
3-2: Foul Ball, location: 2F
3-2: Foul Ball, location: 2F
3-2: Fly out, F8 (Flyball, 8RXD)
Bottom of the 3rd over - 1 run(s), 3 hit(s), 0 error(s), 2 left on base; West Virginia 4 - Montgomery 1
TOP OF THE 4TH
West Virginia Power batting - Pitching for Montgomery Biscuits : RHP Mitch Brown
Batting: LHB Ernie Jackson 0-0: Foul Ball, location: 2F
0-1: Ball
1-1: SINGLE (Line Drive, 34D)
Batting: LHB Luis Pérez 0-0: Ball
1-0: Swinging Strike
1-1: Ball
2-1: Foul Ball, location: 2F
2-2: Strikes out swinging
Batting: RHB Jorge Ramírez 0-0: Called Strike
0-1: Grounds into double play, 5-4-3 (Groundball, 5)
Top of the 4th over - 0 run(s), 1 hit(s), 0 error(s), 0 left on base; West Virginia 4 - Montgomery 1
BOTTOM OF THE 4TH
Montgomery Biscuits batting - Pitching for West Virginia Power : RHP Enrique Rúbio
Batting: SHB Andrew Curran 0-0: Foul Ball, location: 2F
0-1: Foul Ball, location: 2F
0-2: SINGLE (Groundball, 34D)
Batting: LHB António De Los Ángeles 0-0: Called Strike
0-1: Foul Ball, location: 2F
0-2: Ball
1-2: Foul Ball, location: 2F
1-2: Grounds into double play, U3-6 (Groundball, 3L)
Batting: RHB Larry Mitchell 0-0: Ground out 6-3 (Groundball, 6)
Bottom of the 4th over - 0 run(s), 1 hit(s), 0 error(s), 0 left on base; West Virginia 4 - Montgomery 1
TOP OF THE 5TH
West Virginia Power batting - Pitching for Montgomery Biscuits : RHP Mitch Brown
Batting: RHB Alfonso Huertas 0-0: Fly out, F8 (Flyball, 8RM)
Batting: RHB Eric Johnson 0-0: Ball
1-0: Called Strike
1-1: Ball
2-1: Ball
3-1: Ground out 6-3 (Groundball, 6M)
Batting: RHB Vicente Torres 0-0: Ball
1-0: Ground out 6-3 (Groundball, 6)
Top of the 5th over - 0 run(s), 0 hit(s), 0 error(s), 0 left on base; West Virginia 4 - Montgomery 1
BOTTOM OF THE 5TH
Montgomery Biscuits batting - Pitching for West Virginia Power : RHP Enrique Rúbio
Batting: RHB Juan Flores 0-0: Called Strike
0-1: Ball
1-1: Ball
2-1: Swinging Strike
2-2: Ground out 6-3 (Groundball, 6M)
Batting: RHB Gabriel Miranda 0-0: Ball
1-0: Ball
2-0: Foul Ball, location: 2F
2-1: Ball
3-1: Called Strike
3-2: SINGLE (Groundball, 56D)
Batting: RHB Orlando Sánchez 0-0: Called Strike
0-1: Ball
1-1: Called Strike
1-2: Strikes out swinging
Batting: LHB José Flores 0-0: Ball
1-0: Ball
2-0: Called Strike
2-1: SINGLE (Groundball, 34D)
Gabriel Miranda to second
Runner from 2nd tries for 3rd, SAFE, throw made to third
José Flores to second
Batting: RHB Dave Dawson 0-0: Ball
1-0: Ball
2-0: Called Strike
2-1: Ball
3-1: Foul Ball, location: 2F
3-2: Foul Ball, location: 2F
3-2: Base on Balls
Batting: RHB Pete Smith 0-0: Called Strike
0-1: Ball
1-1: Fielders Choice at 2nd, 4-6 (Groundball, 6M)
Bottom of the 5th over - 0 run(s), 2 hit(s), 0 error(s), 2 left on base; West Virginia 4 - Montgomery 1
TOP OF THE 6TH
West Virginia Power batting - Pitching for Montgomery Biscuits : RHP Mitch Brown
Batting: RHB Cristián Herrera 0-0: Ball
1-0: Called Strike
1-1: Called Strike
1-2: Foul Ball, location: 2F
1-2: Strikes out swinging
Batting: RHB Rubén Ayala 0-0: Swinging Strike
0-1: Foul Ball, location: 2F
0-2: Strikes out looking
Batting: RHB Raúl Torres 0-0: Swinging Strike
0-1: Ground out 5-3 (Groundball, 56)
Top of the 6th over - 0 run(s), 0 hit(s), 0 error(s), 0 left on base; West Virginia 4 - Montgomery 1
BOTTOM OF THE 6TH
Montgomery Biscuits batting - Pitching for West Virginia Power : RHP Enrique Rúbio
Pitching: RHP Howard Baker
Batting: SHB Andrew Curran 0-0: Called Strike
0-1: Ball
1-1: Foul Ball, location: 2F
1-2: Fly out, F9 (Flyball, 89M)
Batting: LHB António De Los Ángeles 0-0: Called Strike
0-1: Ball
1-1: Foul Ball, location: 2F
1-2: Ball
2-2: Ball
3-2: Base on Balls
Batting: RHB Larry Mitchell 0-0: Swinging Strike
0-1: Called Strike
0-2: Ball
1-2: Strikes out swinging
Batting: RHB Juan Flores 0-0: Ball
1-0: Called Strike
1-1: Swinging Strike
1-2: Ball
2-2: Ball
3-2: Base on Balls
António De Los Ángeles to second
Batting: RHB Gabriel Miranda 0-0: Ball
1-0: Foul Ball, location: 2F
1-1: Swinging Strike
1-2: Ball
2-2: DOUBLE (Line Drive, 7LM)
António De Los Ángeles scores
Juan Flores to third
Runner from 3rd tries for Home, SAFE, no throw or cutoff
Batting: RHB Orlando Sánchez 0-0: Called Strike
0-1: Ball
1-1: Ground out 5-3 (Groundball, 56)
Bottom of the 6th over - 2 run(s), 1 hit(s), 0 error(s), 1 left on base; West Virginia 4 - Montgomery 3
TOP OF THE 7TH
West Virginia Power batting - Pitching for Montgomery Biscuits : RHP Mitch Brown
Batting: LHB Ernie Jackson 0-0: SINGLE (Line Drive, 9LS)
Batting: LHB Luis Pérez 0-0: Bunted foul
0-1: Bunted foul
0-2: Ball
1-2: Ball
2-2: Ball
3-2: Base on Balls
Ernie Jackson to second
Pitching: RHP Pedro Valdés
Pinch Hitting: RHB Tyler Baker 0-0: Ball
1-0: Called Strike
1-1: Ball
2-1: Ball
3-1: Foul Ball, location: 2F
3-2: Base on Balls
Ernie Jackson to third
Luis Pérez to second
Batting: RHB Alfonso Huertas 0-0: Ball
1-0: Ball
2-0: Fly out, F8 (Flyball, 8LM)
Batting: RHB Eric Johnson 0-0: Ball
1-0: Ball
2-0: Foul Ball, location: 2F
2-1: Ball
3-1: Foul Ball, location: 2F
3-2: Foul Ball, location: 2F
3-2: Strikes out swinging
Batting: RHB Vicente Torres 0-0: Swinging Strike
0-1: Ball
1-1: Fly out, F9 (Flyball, 9D)
Top of the 7th over - 0 run(s), 1 hit(s), 0 error(s), 3 left on base; West Virginia 4 - Montgomery 3
BOTTOM OF THE 7TH
Montgomery Biscuits batting - Pitching for West Virginia Power : RHP Howard Baker
Now at 1B: Tyler Baker
Batting: LHB José Flores 0-0: Swinging Strike
0-1: Ball
1-1: Foul Ball, location: 2F
1-2: Fly out, F4 (Popup, 4D)
Batting: RHB Dave Dawson 0-0: Called Strike
0-1: Ball
1-1: Swinging Strike
1-2: Ball
2-2: Strikes out swinging
Batting: RHB Pete Smith 0-0: Ball
1-0: Ball
2-0: SINGLE (Line Drive, 56D)
Pinch Hitting: RHB Jean-Paul St-Pierre 0-0: Ball
Wild Pitch!
Pete Smith to second
1-0: Called Strike
1-1: Swinging Strike
1-2: Ball
2-2: Foul Ball, location: 2F
2-2: 2-RUN HOME RUN (Flyball, 8LXD), Distance : 416 ft
Batting: LHB António De Los Ángeles 0-0: SINGLE (Groundball, 3D)
Batting: RHB Larry Mitchell 0-0: Ball
1-0: Ball
2-0: SINGLE (Groundball, 25) (infield hit)
António De Los Ángeles to second
Pinch Hitting: SHB Carlos Velásquez 0-0: Ball
1-0: Ground out 4-3 (Groundball, 34)
Bottom of the 7th over - 2 run(s), 4 hit(s), 0 error(s), 2 left on base; West Virginia 4 - Montgomery 5
TOP OF THE 8TH
West Virginia Power batting - Pitching for Montgomery Biscuits : RHP Pedro Valdés
Pitching: RHP Domingo Ortíz
Now at 1B: Carlos Velásquez
Now at 2B: Jean-Paul St-Pierre
Batting: RHB Cristián Herrera 0-0: Fly out, F9 (Flyball, 89M)
Batting: RHB Rubén Ayala 0-0: Ball
1-0: Ball
2-0: Ball
3-0: Called Strike
3-1: Called Strike
3-2: Foul Ball, location: 2F
3-2: Strikes out swinging
Batting: RHB Raúl Torres 0-0: Swinging Strike
0-1: Called Strike
0-2: Foul Ball, location: 2F
0-2: Ball
1-2: Ball
2-2: Strikes out looking
Top of the 8th over - 0 run(s), 0 hit(s), 0 error(s), 0 left on base; West Virginia 4 - Montgomery 5
BOTTOM OF THE 8TH
Montgomery Biscuits batting - Pitching for West Virginia Power : RHP Howard Baker
Batting: RHB Gabriel Miranda 0-0: Ball
1-0: SINGLE (Groundball, 4M)
Batting: RHB Orlando Sánchez 0-0: Bunted foul
0-1: Bunted foul
0-2: Ball
Wild Pitch!
Gabriel Miranda to second
1-2: Fly out, F3 (Popup, 3F)
Batting: LHB José Flores 0-0: Intentional Walk
Pitching: RHP Juan Herrera
Batting: RHB Dave Dawson 0-0: Called Strike
0-1: Ball
Gabriel Miranda steals 3rd base
José Flores to second
1-1: Called Strike
1-2: Ball
2-2: Ball
3-2: Fly out, F6 (Popup, 6MS)
Batting: RHB Pete Smith 0-0: Foul Ball, location: 2F
0-1: SINGLE (Line Drive, 7LS)
Gabriel Miranda scores
José Flores to third
Runner from 3rd tries for Home, SAFE, no throw or cutoff
Batting: RHB Jean-Paul St-Pierre 0-0: Fly out, F2 (Popup, 2LF)
Bottom of the 8th over - 2 run(s), 2 hit(s), 0 error(s), 1 left on base; West Virginia 4 - Montgomery 7
TOP OF THE 9TH
West Virginia Power batting - Pitching for Montgomery Biscuits : RHP Domingo Ortíz
Pitching: LHP Steve Billington
Now at SS: Dave Williams
Batting: LHB Ernie Jackson 0-0: Ball
1-0: Foul Ball, location: 2F
1-1: Ball
2-1: Ball
3-1: Called Strike
3-2: Foul Ball, location: 2F
3-2: Foul Ball, location: 2F
3-2: Base on Balls
Batting: LHB Luis Pérez 0-0: Called Strike
0-1: Foul Ball, location: 2F
0-2: Ball
1-2: Ball
2-2: Foul Ball, location: 2F
2-2: Fly out, F4 (Popup, 4)
Batting: RHB Tyler Baker 0-0: Ball
1-0: Ground out 4-3 (Groundball, 4M)
Ernie Jackson to second
Batting: RHB Alfonso Huertas 0-0: Swinging Strike
0-1: Foul Ball, location: 2F
0-2: Fly out, F9 (Flyball, 89S)
Top of the 9th over - 0 run(s), 0 hit(s), 0 error(s), 1 left on base; West Virginia 4 - Montgomery 7
This league is powered by Out of the Park Baseball, the baseball management simulation game for PC, Mac and Linux
Wednesday, December 2nd, 2015 - OOTP Baseball 16.8 Build 38